 Dungeon Crawl Stone Soup version 0.23.2-1-ga50397a (webtiles) character file.

Game seed: 10703608470163463380

394 troglodite the Digger (level 6, -8/37 HPs)
             Began as an Octopode Earth Elementalist on May 13, 2019.
             Killed by nerve-wracking pain
             ... invoked by an orc priest
              (12 damage)
             ... on level 4 of the Dungeon.
             The game lasted 00:23:09 (4417 turns).

troglodite the Digger (Octopode Earth Elementalist) Turns: 4417, Time: 00:23:10

Health: -8/37      AC:  1    Str:  7    XL:     6   Next: 82%
Magic:  10/11      EV: 14    Int: 18    God:
Gold:   250        SH:  0    Dex: 14    Spells: 8/12 levels left

rFire    + . .     SeeInvis .   n - +1 falchion (vamp)
rCold    . . .     Gourm    .   (no shield)
rNeg     . . .     Faith    .   (helmet restricted)
rPois    .         Spirit   .   (no amulet)
rElec    .         Reflect  .   m - ring of protection from fire
rCorr    .         Harm     .   (no ring)
MR       .....                  (no ring)
Stlth    ++++......             (no ring)
HPRegen  0.12/turn              (no ring)
MPRegen  0.12/turn              (no ring)
                                (no ring)
                                (no ring)

@: no status effects
A: almost no armour, stealthy swim, amphibious, 8 rings, constrict 8, camouflage
1, gelatinous body 1
a: no special abilities


You were on level 4 of the Dungeon.
You were hungry.

You visited 1 branch of the dungeon, and saw 4 of its levels.

You collected 250 gold pieces.

Inventory:

Hand Weapons
 e - a +0 hunting sling
 n - a +1 vampiric falchion (weapon)
Missiles
 b - 166 stones (quivered)
 l - 23 sling bullets
Jewellery
 m - a ring of protection from fire (left tentacle)
 v - an uncursed ring of protection from fire
Wands
 w - a wand of paralysis (1)
 x - a wand of acid (4)
Scrolls
 f - a scroll of immolation
 j - 6 scrolls of teleportation
 o - a scroll of identify {unknown}
 p - a scroll of enchant armour {unknown}
 t - a scroll of fear {unknown}
 y - a scroll of random uselessness {unknown}
 A - 4 scrolls of remove curse
Potions
 a - a potion of magic {unknown}
 d - a potion of berserk rage {unknown}
 g - 5 potions of flight {unknown}
 h - a potion of mutation {unknown}
 i - 2 potions of curing {unknown}
 k - 2 potions of agility {unknown}
 q - a potion of lignification {unknown}
 r - a potion of haste {unknown}
 s - a potion of heal wounds {unknown}
 u - a potion of might
Comestibles
 c - 4 rations
 z - 5 chunks of flesh


   Skills:
 + Level 0.4 Fighting
 + Level 0.8 Long Blades
 * Level 2.1 Slings
 * Level 2.9 Dodging
 * Level 3.9 Stealth
 * Level 3.8 Spellcasting
 * Level 1.3 Conjurations
   Level 1.0 Transmutations
 * Level 4.5 Earth Magic


You had 8 spell levels left.
You knew the following spells:

 Your Spells              Type           Power        Failure   Level  Hunger
a - Sandblast             Erth           ###...       2%          1    None
b - Stone Arrow           Conj/Erth      ##....       14%         3    ###....

Your spell library contained the following spells:

 Spells                   Type           Power        Failure   Level  Hunger
 Passwall                 Tmut/Erth      ##......     8%          2    ##.....
 Petrify                  Tmut/Erth      ##......     43%         4    ####...
 Lee's Rapid Deconstruct  Erth           ###.......   54%         5    ######.


Dungeon Overview and Level Annotations

Branches:
Dungeon (4/15)
 Temple: D:4-7

Altars:
Kikubaaqudgha
Qazlal
Wu Jian


Innate Abilities, Weirdness & Mutations

You cannot wear most types of armour.
You are very stealthy in the water. (Stealth+)
You are amphibious.
You can wear up to eight rings at the same time.
You can use your tentacles to constrict eight enemies at once.
Your skin changes colour to match your surroundings (Stealth+).
Your rubbery body absorbs attacks. (AC +1, EV +1)


Message History

The orc priest calls down the wrath of Beogh upon you.
Beogh smites you!
An orc comes into view.
Casting: Sandblast (safe; 2% risk of failure)
Confirm with . or Enter, or press ? or * to list all spells.
Aiming: Sandblast (safe; 2% risk of failure)
Press: ? - help, Shift-Dir - straight line, f - orc
Aim: an orc The blast of sand hits the orc!
You kill the orc!
b - 166 stones The orc priest calls down the wrath of Beogh upon you.
Beogh smites you!
An orc priest comes into view. It is wielding a +1 hand axe of venom.
The orc priest calls down the wrath of Beogh upon you.
Beogh smites you!
* * * LOW HITPOINT WARNING * * *
The orc priest calls down the wrath of Beogh upon you.
Pain shoots through your body!
You die... ....# ...# oa#

#o# ######## #o#
.......# #.# #
######.# #.# .#
.....#.# #.# #.##
####.#.# #@# #...#
#.# #.##..... #.#
#.#...... #.# .
#....._.. #.#
..#.#...... ########
#.#
#.#.##.....##.......
#.#
#.#.###...##........
...)...#
#.#.#.##.##.........
.......#
#...#...............


You could see a worker ant and 3 orc priests.

Vanquished Creatures
  An ogre (D:4)
  2 orc wizards
  Ijyb (D:3)
  An iguana (D:3)
  2 worker ants (D:4)
  4 adders (D:2)
  4 oozes
  3 worms
  An adder skeleton (D:4)
  2 dart slugs (D:1)
  A leopard gecko (D:2)
  6 orcs
  3 bats
  2 giant cockroaches
  13 goblins
  6 hobgoblins
  7 jackals
  A quokka (D:3)
  4 frilled lizards
  12 kobolds
  8 rats
84 creatures vanquished.

Notes
Turn   | Place    | Note
-------+----------+-------------------------------------------
     0 | D:1      | troglodite the Octopode Earth Elementalist began the quest
                  | for the Orb.
     0 | D:1      | Reached XP level 1. HP: 11/11 MP: 3/3
   210 | D:1      | Reached XP level 2. HP: 15/17 MP: 1/5
   876 | D:2      | Reached XP level 3. HP: 21/21 MP: 1/6
  1034 | D:2      | Learned a level 3 spell: Stone Arrow
  1123 | D:2      | Reached skill level 4 in Earth Magic
  1381 | D:2      | Reached XP level 4. HP: 27/27 MP: 5/8
  1611 | D:2      | Reached skill level 1 in Slings
  1822 | D:2      | Found a stormy altar of Qazlal.
  1861 | D:2      | Found an ancient bone altar of Kikubaaqudgha.
  2628 | D:2      | Reached XP level 5. HP: 15/31 MP: 9/9
  3104 | D:3      | Reached skill level 1 in Conjurations
  3754 | D:3      | Noticed Ijyb
  3775 | D:3      | Reached XP level 6. HP: 37/37 MP: 8/11
  3792 | D:3      | Paralysed by Ijyb for 3 turns
  3803 | D:3      | Killed Ijyb
  4368 | D:4      | Found an ornate altar of the Wu Jian Council.
  4417 | D:4      | Killed from afar by an orc priest

Skill      XL: |  1  2  3  4  5  6 |
---------------+-------------------+-----
Earth Magic    | 4 |  4.5
Slings         | 1 2 |  2.1
Stealth        | 3 |  3.9
Spellcasting   | 3 |  3.8
Conjurations   | 1 |  1.3
Fighting       | |  0.4
Long Blades    | |  0.8
Dodging        | |  2.9
Transmutations | |  1.0

Action                   |  1- 3 |  4- 6 || total
-------------------------+-------+-------++-------
Melee: Unarmed           |     5 |       ||     5
       Tentacles         |     4 |    14 ||    18
       Constrict         |     3 |    17 ||    20
       Hunting sling     |     5 |       ||     5
       Dagger            |     2 |       ||     2
       Falchion          |     1 |    64 ||    65
 Fire: Hunting sling     |    10 |       ||    10
 Cast: Sandblast         |    38 |    55 ||    93
       Stone Arrow       |       |     6 ||     6
  Use: Scroll            |     5 |       ||     5
 Stab: Sleeping          |       |     2 ||     2
       Distracted        |       |     1 ||     1
  Eat: Ration            |     2 |       ||     2
       Chunk             |     1 |     8 ||     9
Armor: Skin              |     1 |     7 ||     8
Dodge: Dodged            |    18 |    47 ||    65
       Rpst.: Falchion   |       |    12 ||    12
